[Event "USA Championship 2022"]
[Site "Saint Louis"]
[Date "2022.10.19"]
[Round "13.6"]
[White "Moradiabadi, Elshan"]
[Black "Lenderman, Aleksandr"]
[Result "0-1"]
[ECO "C50"]
[WhiteElo "2534"]
[BlackElo "2535"]
[Annotator "TA"]
[PlyCount "142"]
[EventDate "2022.09.05"]
[EventType "tourn"]
[EventCountry "USA"]
[SourceTitle "playchess.com"]
[Source "ChessBase"]
[SourceQuality "1"]
[TimeControl "40/5400+30:1800+30"]

1. e4 e5 2. Nf3 Nf6 3. Nc3 Nc6 4. Bb5 Bd6 5. a3 h6 6. d3 a6 7. Bc4 Bc5 8. Be3 {[%emt 0:05:12] C50: Hungarian Defence and Giuoco Pianissimo.} Bxe3 9. fxe3 d6 10. O-O {[%emt 0:00:24] White has an edge.} O-O 11. Qe1 Be6 12. Nh4 Kh7 {[%emt 0:11:49] [#]} 13. Rd1 $146 ({Predecessor:} 13. Nf5 Ng8 14. Qg3 g6 15. Nh4 Bxc4 16. dxc4 Qg5 17. Qh3 Nge7 18. Rf3 h5 19. Raf1 {1-0 (42) Balabayeva,K (2308)-Kobo,O (2498) Chess.com INT 2021}) 13... g6 14. Rd2 (14. Bd5 {is more complex.} Kg7 15. Qg3 Nh5 16. Qf2) 14... Nb8 15. Bxe6 fxe6 16. d4 Nbd7 17. Nf3 Qe7 18. h3 exd4 19. exd4 e5 20. d5 Rf7 21. g3 Raf8 22. Rdf2 Nc5 23. Qe3 Qd7 24. Kg2 Na4 (24... Nh5 $2 25. b4 $18 (25. Nxe5 Rxf2+ 26. Rxf2 Rxf2+ 27. Qxf2 Qe8 $16)) 25. Nd1 Nc5 26. Nc3 Na4 (26... Nh5 $2 27. b4 $18 (27. Nxe5 Rxf2+ 28. Rxf2 Rxf2+ 29. Qxf2 Qe8 $16)) 27. Nd1 Nc5 28. Nd2 a5 29. b4 axb4 30. axb4 Na4 31. c4 c5 32. dxc6 Qxc6 33. Qb3 Nb6 34. Qd3 Kg7 35. Ne3 Nbd7 36. Nd1 Qb6 37. Qc3 Qd4 38. Qc2 Nb8 39. Nc3 Nc6 40. Nb5 Qb6 41. Qd3 ({Don't go for} 41. Nxd6 $2 Nxb4 42. c5 Qxd6 43. cxd6 Nxc2 $19) 41... Rd7 42. Qc3 Nd8 43. Rf3 Ne6 44. Qe3 Qd8 45. R3f2 Ng5 46. Qe2 Qe7 47. h4 Ne6 48. Nc3 {[%emt 0:04:25][%cal Of2f6] Rxf6! is the strong threat.} Nd4 {[%emt 0:00:59] Active counter play!} 49. Qd3 Qe6 50. Nf3 Nc6 51. Nd5 {[%emt 0:01:57][%cal Of3g5] Hoping for Ng5!} Rdf7 52. b5 Nb8 53. Nd2 Nbd7 54. Nxf6 Nxf6 55. Rf3 Ra8 56. R1f2 Rff8 57. Nf1 h5 58. Ne3 Nd7 59. Rxf8 Rxf8 60. Rxf8 Kxf8 $11 {[%emt 0:00:13][%mdl 4096] Endgame KQN-KQN} 61. Nd5 Nc5 62. Qf3+ Kg7 63. Kf2 Nd7 64. Qe3 Qg4 65. Qf3 Qh3 66. Nc7 Nf6 {[%emt 0:00:40] Strongly threatening ...Qh2+.} 67. Ke3 $2 {[%emt 0:02:39] [#]} (67. Nd5 $11 Ng4+ 68. Ke1) 67... Qc8 (67... Qh2 $1 $17 {Threatens to win with ...Qc2.} 68. Ne6+ Kf7 69. Ng5+ (69. Nd8+ $2 Ke7 $19) 69... Ke7) 68. b6 Qd7 {[%emt 0:00:09] aiming for ...Qa4.} 69. Kd3 $2 {[%emt 0:01:35] [#]} (69. Ke2 $1 $11 {and White stays safe.}) 69... Qa4 $1 $19 {[%emt 0:01:00] Black is clearly better.} 70. Ne6+ Kf7 71. Ng5+ ({Not} 71. Nd8+ $2 Ke7 72. Nxb7 Qb3+ 73. Ke2 Qxb6 74. Nxd6 Qxd6 $19) 71... Ke7 {[%emt 0:00:07] Weighted Error Value: White=0.04 (flawless) /Black=0.04 (flawless)} 0-1

[Event "USA Championship 2022"]
[Site "Saint Louis"]
[Date "2022.10.19"]
[Round "13.7"]
[White "So, Wesley"]
[Black "Sevian, Samuel"]
[Result "1/2-1/2"]
[ECO "E04"]
[WhiteElo "2774"]
[BlackElo "2684"]
[Annotator "TA"]
[PlyCount "245"]
[EventDate "2022.09.05"]
[EventType "tourn"]
[EventCountry "USA"]
[SourceTitle "playchess.com"]
[Source "ChessBase"]
[SourceQuality "1"]
[TimeControl "40/5400+30:1800+30"]

1. d4 Nf6 2. c4 e6 3. g3 d5 4. Bg2 dxc4 5. Nf3 c5 6. O-O Nc6 7. dxc5 Qxd1 8. Rxd1 Bxc5 9. Nbd2 c3 10. bxc3 O-O 11. Nb3 Be7 12. Nfd4 Bd7 13. Nxc6 Bxc6 14. Bxc6 bxc6 15. f3 Rfd8 16. Bd2 Nd5 17. c4 Nb6 18. c5 Nc4 19. Bf4 Rxd1+ 20. Rxd1 e5 21. Rc1 exf4 22. Rxc4 fxg3 23. hxg3 Rc8 24. g4 Kf8 25. Rb4 a5 26. Ra4 Bd8 27. Kf2 g6 28. f4 Ra8 29. Nd4 Be7 30. Rc4 Rc8 31. Nb3 Ra8 32. Ra4 Bd8 33. Kf3 Ke8 34. e4 Bc7 35. e5 g5 36. fxg5 Kd7 37. Kf4 Ke6 38. Ke4 Bxe5 39. Rxa5 Rg8 40. Ra6 Rxg5 41. Rxc6+ Kd7 42. Rh6 Bg7 43. Rxh7 Rxg4+ 44. Kd5 Kc7 45. a4 (45. Rh3 $16) 45... Rg5+ (45... Rg3 $1 $11) 46. Kc4 $16 Rg4+ 47. Kb5 Bc3 48. Rxf7+ Kb8 49. Rf8+ (49. Na5 $16 {And now Nc6+ would win.} Rb4+ 50. Kc6 Rxa4 51. Nb7 Ra6+ 52. Kb5) 49... Kc7 $11 50. Rf7+ ({White should play} 50. c6 $11) 50... Kb8 $1 $16 51. Na5 Rb4+ 52. Kc6 Rxa4 53. Rf8+ Ka7 54. Rf7+ Kb8 $1 55. Rf8+ Ka7 56. Nb7 Ra6+ 57. Kc7 $1 Bd4 {[%emt 0:00:00] [#]} (57... Rh6 $14) 58. Nd6 (58. Rf3 $1 $16) 58... Ra5 $1 $14 59. c6 Be5 60. Re8 Rd5 61. Re6 Rc5 $1 62. Re7 $1 Rd5 63. Re6 Rc5 $1 64. Rg6 Rc2 65. Rh6 Rc1 66. Rh7 Rd1 67. Rh6 Rc1 $1 68. Rh7 Rd1 69. Kc8+ $1 Kb6 70. Nc4+ Kxc6 71. Nxe5+ Kb5 72. Rb7+ Kc5 (72... Ka6 $11) 73. Rc7+ (73. Nd7+ $1 $14 {feels stronger.} Kd6 74. Rb4) 73... Kb5 $11 74. Kb7 Rh1 75. Nf3 Rh6 76. Nd4+ Kb4 $1 77. Nc6+ Kc5 78. Rg7 Kd6 (78... Rh5 $11) 79. Rg1 (79. Kb6 $14) 79... Rh2 $11 80. Rd1+ Kc5 81. Ne5 Rh6 82. Kc7 Rh7+ 83. Nd7+ Kc4 84. Kd6 Rh6+ 85. Ke5 Rh5+ 86. Ke6 Rh6+ 87. Nf6 Rh3 88. Ke5 Rd3 89. Rh1 Rd8 90. Rc1+ Kb5 91. Nd5 Rh8 92. Nf4 Re8+ 93. Kd4 Rh8 94. Rc5+ Ka6 95. Nd5 Rh4+ 96. Ke5 Rh5+ 97. Kd6 Rh6+ 98. Kd7 Rh7+ 99. Ne7 Kb6 100. Rg5 Rf7 101. Rh5 Rg7 102. Kd6 Rg1 103. Rc5 Rh1 104. Nd5+ Ka6 105. Nc7+ Ka7 106. Ra5+ Kb6 107. Rb5+ Ka7 108. Nd5 Ka6 109. Rb3 Rh6+ 110. Kc5 Rh5 111. Re3 Kb7 112. Re7+ Ka6 113. Rf7 Re5 114. Rf6+ Kb7 115. Rb6+ Ka7 116. Rd6 Kb7 117. Kb5 Rh5 118. Kc5 Re5 119. Rd7+ Ka6 120. Rh7 Rg5 121. Rh6+ Kb7 122. Kd6 Rg7 123. Kc5 1/2-1/2